 Dungeon Crawl Stone Soup version 0.31.0-11-ge490571c62 (webtiles) character file.

Game seed: 3040912310468753744

276 qw the Skirmisher (level 6, -1/36 HPs)
             Began as a Deep Elf Hunter on Feb 3, 2024.
             Slain by an adder (2 damage)
             ... in a sewer.
             The game lasted 00:00:10 (2405 turns).

qw the Skirmisher (Deep Elf Hunter)                 Turns: 2405, Time: 00:00:11

Health: -1/36      AC:  6    Str: 10    XL:     6   Next: 4%
Magic:  8/8        EV:  9    Int: 14    God:
Gold:   171        SH:  0    Dex: 18    Spells: 5/5 levels left

rFire   . . .        a - +0 shortbow
rCold   . . .        (shield currently unavailable)
rNeg    . . .        h - +0 scale mail
rPois   .            (no helmet)
rElec   .            (no cloak)
rCorr   .            (no gloves)
SInv    .            (no boots)
Will    .....        (no amulet)
Stlth   +            (no ring)
HPRegen 0.26/turn    (no ring)
MPRegen 0.11/turn

%: no passive effects
@: no status effects
A: no striking features
a: no special abilities


You were in a sewer.
You visited 1 branch of the dungeon, and saw 3 of its levels.
You also visited: Sewer.

You collected 171 gold pieces.


   Skills:
 - Level 2.7 Fighting
 - Level 9.0 Ranged Weapons
 + Level 0.0 Armour
 - Level 2.4 Dodging
 - Level 1.2 Stealth


You had 5 spell levels left.
You didn't know any spells.
Your spell library was empty.

Inventory:

Hand Weapons
 a - a +0 shortbow (weapon)
Armour
 h - a +0 scale mail (worn)
Potions
 f - a potion of curing
 g - a potion of cancellation {unknown}
 j - a potion of haste {unknown}

Dungeon Overview and Level Annotations

Branches:
Dungeon (3/15)              Sewer (1/1)

Altars:
Hepliaklqana

Shops:
D:2 :


Message History

You shoot an arrow. The arrow hits the bullfrog.
The bullfrog is severely wounded.
The ball python barely misses you. The ball python grabs you.
The ball python constricts you.
You shoot an arrow. The arrow hits the ball python.
You kill the ball python!
The bullfrog barely misses you. The bullfrog closely misses you.
The bullfrog hits you but does no damage.
The bullfrog hits you.
You shoot an arrow. The arrow hits the bullfrog.
The bullfrog is severely wounded.
The bullfrog hits you but does no damage.
The bullfrog closely misses you. The adder closely misses you.
The bullfrog hits you but does no damage.
The bullfrog hits you. The adder closely misses you.
You shoot an arrow. The arrow hits the bullfrog!
You kill the bullfrog!
The bullfrog hits you. The adder closely misses you.
The bullfrog hits you but does no damage.
Your Fighting skill increases to level 2!
You have reached level 6!
You shoot an arrow. The arrow barely misses the bullfrog.
The arrow hits the giant cockroach!
You kill the giant cockroach!
The adder closely misses you. The bullfrog hits you.
The adder bites you but does no damage.
You shoot an arrow. The arrow hits the bullfrog.
The bullfrog is lightly wounded.
The bullfrog hits you. The adder bites you but does no damage.
The bullfrog hits you. The adder bites you but does no damage.
The bullfrog barely misses you.
You shoot an arrow. The arrow hits the bullfrog.
The bullfrog is moderately wounded.
The bullfrog barely misses you. The adder bites you but does no damage.
You shoot an arrow.
The arrow completely misses the bullfrog.
The arrow hits the dart slug!
The dart slug is almost dead.
The bullfrog hits you. The adder bites you.
You die...

#..~~#~~~~#~.~.?S$.~ #~~~.#
#\.~~#.~%~#~~.?$?.w~ #~~~.#
#.~~.#~~~~#~~~~$.S~~ #~~~.#
##~~~##~~~#~~~.~.B ##~~.##
#.~~~#...#.~J.~ ##~~~~#~
##~~~##.%##~w# ###~~~~##%
#~~~~##~~#.%#######~~~~~##~~
##~.~~#~~##FS.~~~.~~~~###~~~
##~.~~~~~#@%%~~~~.####~~~~~
####~.~#######~\~#~~~~.~~#
##..#~~~~.#####~~~%####
####~~~%~~~~~.~####~~\
#~~~#########~...~#
#~~~~~~..%~~..\.###
#~.~~.~~~~~.#####
#############


You could see a bullfrog, an adder, a dart slug and an endoplasm.

Vanquished Creatures
  A bullfrog (Sewer)
  A bombardier beetle (D:3)
  A gnoll (D:1)
  9 adders
  2 dart slugs (Sewer)
  12 ball pythons
  3 bats (D:1)
  9 endoplasms
  16 giant cockroaches
  3 goblins
  3 hobgoblins
  2 jackals (D:2)
  6 kobolds
  2 quokkas
  10 frilled lizards
  4 rats
84 creatures vanquished.

Notes
Turn   | Place    | Note
-------+----------+-------------------------------------------
     0 | D:1      | qw the Deep Elf Hunter began the quest for the Orb.
     0 | D:1      | Reached XP level 1. HP: 12/12 MP: 3/3
     0 | D:1      | 0 ||| qw: Version: 0.3-a-157-g843a77d
     0 | D:1      | 0 ||| qw: Game counter: 3791
     0 | D:1      | 0 ||| qw: Melee chars always use a shield: true
     0 | D:1      | 0 ||| qw: God list: Okawaru
     0 | D:1      | 0 ||| qw: Allow faded altars: false
     0 | D:1      | 0 ||| qw: Do Orc after clearing Dungeon:15 true
     0 | D:1      | 0 ||| qw: Do second Lair branch before Depths: true
     0 | D:1      | 0 ||| qw: Lair rune preference: random
     0 | D:1      | 0 ||| qw: Goals: Normal
     0 | D:1      | 0 ||| PLANNING D:1-11
   374 | D:1      | Reached skill level 6 in Ranged Weapons
   374 | D:1      | Reached XP level 2. HP: 16/16 MP: 4/4
   836 | D:1      | 836 ||| READING scroll labelled FYIWAS XAWI.
   837 | D:1      | 837 ||| DROPPING scroll of butterflies.
   863 | D:2      | Reached XP level 3. HP: 20/20 MP: 5/5
   921 | D:2      | Found Kief's Book Shoppe.
   973 | D:2      | Reached skill level 7 in Ranged Weapons
  1534 | D:2      | 1534 ||| UPGRADING to +0 scale mail.
  1544 | D:2      | 1544 ||| DROPPING +0 leather armour.
  1545 | D:2      | 1545 ||| READING scroll labelled ZAUKOS ZIRCH.
  1545 | D:2      | 1545 ||| ENCHANTING +0 shortbow.
  1546 | D:2      | 1546 ||| READING scroll labelled COHANOT UXUTY.
  1571 | D:3      | 1571 ||| PLANNING SEWER
  1855 | D:3      | Reached XP level 4. HP: 25/25 MP: 6/6
  1885 | D:3      | Found a hazy altar of Hepliaklqana.
  1921 | D:3      | Found a glowing drain.
  1922 | D:3      | 1922 ||| READING 3 scrolls labelled WEMIDD CUTHRER.
  1922 | D:3      | 1922 ||| IDENTIFYING bubbling yellow potion
  1923 | D:3      | 1923 ||| READING 2 scrolls of identify.
  1923 | D:3      | 1923 ||| IDENTIFYING glowing white potion
  1924 | D:3      | 1924 ||| READING scroll of identify.
  1924 | D:3      | 1924 ||| IDENTIFYING sedimented green potion
  1925 | D:3      | 1925 ||| READING scroll labelled GUTHETHR XEPIMNIUWN.
  1926 | D:3      | 1926 ||| DROPPING potion of berserk rage.
  1927 | D:3      | 1927 ||| DROPPING potion of magic.
  1951 | D:3      | Reached skill level 8 in Ranged Weapons
  1969 | Sewer    | Entered a sewer
  2073 | Sewer    | Reached XP level 5. HP: 23/29 MP: 7/7
  2325 | Sewer    | Reached skill level 9 in Ranged Weapons
  2394 | Sewer    | 2394 ||| RETREEEEATING.
  2396 | Sewer    | 2396 ||| RETREEEEATING.
  2402 | Sewer    | Reached XP level 6. HP: 19/36 MP: 8/8
  2403 | Sewer    | HP: 9/36 [bullfrog (5)]
  2405 | Sewer    | HP: 1/36 [bullfrog (6)]
  2405 | Sewer    | Slain by an adder

Levels and vault maps discovered:
D:1:      eino_arrival_cavern_d, layout_loops_corners, minmay_misc_feat_tiny
D:2:      layout_basic, serial_shops, nicolae_shop_getting_attention
D:3:      layout_loops_corners, nicolae_hepliaklqana_hazy_memory,
          gup_sewer_entry_glass
Sewer:    sewer_frog_island_02

Skill      XL: |  1  2  3  4  5 |
---------------+----------------+-----
Ranged Weapons | 6 7 8 9 |  9.0
Fighting       | 2 |  2.7
Dodging        | |  2.4
Stealth        | |  1.2

Action                     |  1- 3 |  4- 6 || total
---------------------------+-------+-------++-------
   Fire: Shortbow          |   116 |   151 ||   267
    Use: Scroll            |     3 |     4 ||     7
 Armour: Leather armour    |    30 |       ||    30
         Scale mail        |       |   111 ||   111
  Dodge: Dodged            |    26 |    73 ||    99

Table legend:
 A = Non-vault XP
 B = Vault XP
 C = Vault XP percentage of total XP
 D = Non-vault monster count
 E = Vault monster count
 F = Vault count percentage of total count
                 A         B        C        D         E       F
            +---------+---------+-------+---------+---------+-------
      Total |     134 |     261 |  66.1 |      34 |      50 |  59.5
            +---------+---------+-------+---------+---------+-------
        D:1 |      35 |       0 |   0.0 |      12 |       0 |   0.0
        D:2 |      56 |       0 |   0.0 |      20 |       0 |   0.0
        D:3 |      43 |      19 |  30.6 |       2 |       4 |  66.7
      Sewer |       0 |     242 | 100.0 |       0 |      46 | 100.0
            +---------+---------+-------+---------+---------+-------
